 Dungeon Crawl Stone Soup version 0.22-a0-617-g6d95e9e (webtiles) character file.

28 iamserjio the Chopper (level 3, 0/34 HPs)
             Began as a Naga Berserker on July 12, 2018.
             Was a Follower of Trog.
             Slain by an ooze (2 damage)
             ... on level 3 of the Dungeon.
             The game lasted 00:01:53 (270 turns).

iamserjio the Chopper (Naga Berserker)               Turns: 270, Time: 00:01:54

Health: 0/34       AC:  2    Str: 19    XL:     3   Next: 12%
Magic:  3/3        EV: 10    Int:  8    God:    Trog [*.....]
Gold:   64         SH:  0    Dex: 10    Spells: 2/2 levels left

rFire    . . .     SeeInvis +   a - +0 hand axe
rCold    . . .     Gourm    .   (no shield)
rNeg     . . .     Faith    .   b - +0 animal skin
rPois    +         Spirit   .   (no helmet)
rElec    .         Reflect  .   (no cloak)
rCorr    .         Harm     .   (no gloves)
MR       .....                  (no barding)
Stlth    ++........             (no amulet)
HPRegen  0.11/turn              (no ring)
MPRegen  0.08/turn              (no ring)

@: very slow
A: large, see invisible, deformed body, poison resistance, slowness 2, slow
metabolism 1, spit poison 1, AC +1
a: Spit Poison, Berserk, Renounce Religion


You were on level 3 of the Dungeon.
You worshipped Trog.
Trog was aware of your devotion.
You were very hungry.

You visited 1 branch of the dungeon, and saw 3 of its levels.

You collected 64 gold pieces.

Inventory:

Hand Weapons
 a - a +0 hand axe (weapon)
Armour
 b - a +0 animal skin (worn)
Jewellery
 k - an uncursed ring of magical power {unknown}
Scrolls
 d - a scroll of enchant weapon {unknown}
 g - a scroll of remove curse {unknown}
 h - 3 scrolls of fear {unknown}
 i - a scroll of magic mapping {unknown}
 l - a scroll of identify {unknown}
Potions
 e - a potion of mutation {unknown}
 j - a potion of flight {unknown}
Comestibles
 c - 2 rations
 f - 3 chunks of flesh


   Skills:
 + Level 3.2 Fighting
 * Level 3.5 Axes
 + Level 1.9 Armour
 - Level 1.5 Dodging
 + Level 1.6 Stealth


You had 2 spell levels left.
You didn't know any spells.
Your spell library was empty.

Dungeon Overview and Level Annotations

Branches:
Dungeon (3/15)

Altars:


Innate Abilities, Weirdness & Mutations

You cannot wear boots.
Your serpentine skin is tough. (AC +1)
You have supernaturally acute eyesight. (SInv)
Armour fits poorly on your strangely shaped body.
Your system is resistant to poisons. (rPois)
You cover ground very slowly.
You have a slow metabolism.
You can spit poison.


Message History

* * * LOW HITPOINT WARNING * * *
There is a stone staircase leading up here.
You hit the ooze.
The ooze is lightly wounded.
The ooze hits you.
* * * LOW HITPOINT WARNING * * *
You hit the ooze but do no damage.
The ooze is lightly wounded.
The ooze barely misses you.
You hit the ooze.
The ooze is moderately wounded.
The ooze barely misses you.
You slash the ooze!
The ooze is almost dead.
The ooze hits you.
* * * LOW HITPOINT WARNING * * *
You barely miss the ooze.
The ooze is almost dead.
The ooze hits you but does no damage. The ooze hits you.
You die...

.. .#.######## ..
.?...#.... ...
........# ..# #.>.#..#
##.. #.....# ##...
#.....## #..#
###......# ####J#
#...##...###...@#
##.#####>...#.####
...#####)#....####
.................##.##
#########.........J..#
#######..#...^.. ##.#
.#... #.# ...o #.. #.


You could see an ooze.

Vanquished Creatures
  An adder (D:3)
  A leopard gecko (D:3)
  An orc (D:3)
  4 goblins
  2 jackals (D:1)
  A quokka (D:3)
  2 bats
  4 rats
16 creatures vanquished.

Notes
Turn   | Place    | Note
-------+----------+-------------------------------------------
     0 | D:1      | iamserjio the Naga Berserker began the quest for the Orb.
     0 | D:1      | Reached XP level 1. HP: 21/21 MP: 1/1
    43 | D:1      | Reached XP level 2. HP: 11/28 MP: 2/2
    73 | D:1      | Reached skill level 1 in Stealth
   171 | D:3      | Reached XP level 3. HP: 8/34 MP: 3/3
   270 | D:3      | Slain by an ooze

Vault maps used:
D:1:      dpeg_arrival_rooms_b
D:2:      minmay_tromino_mix6
D:3:      uniq_jessica

Skill      XL: |  1  2 |
---------------+-------+-----
Stealth        | 1 |  1.6
Fighting       | |  3.2
Axes           | |  3.5
Armour         | |  1.9
Dodging        | |  1.5

Action                   || total
-------------------------++-------
Melee: Hand axe          ||    39
Invok: Berserk           ||     3
 Abil: Spit Poison       ||     3
Armor: Animal skin       ||     6
Dodge: Dodged            ||    25

Table legend:
 A = Spawn XP
 B = Non-spawn XP
 C = Spawn XP percentage of total XP
 D = Spawn monster count
 E = Non-spawn monster count
 F = Spawn count percentage of total count
 G = Total turns spent on level
                    A         B        C        D         E        F      G
               +---------+---------+-------+---------+---------+-------+---------
         Total |       0 |      40 |   0.0 |       0 |      16 |   0.0 |   270
               +---------+---------+-------+---------+---------+-------+---------
           D:1 |       0 |      13 |   0.0 |       0 |       8 |   0.0 |   137
           D:2 |       0 |       4 |   0.0 |       0 |       3 |   0.0 |    52
           D:3 |       0 |      23 |   0.0 |       0 |       5 |   0.0 |    81
               +---------+---------+-------+---------+---------+-------+---------
